 Dungeon Crawl Stone Soup version 0.21.0-3-g78d12a8 (webtiles) character file.

1659 MTVSty1e the Cleaver (level 8, -4/74 HPs)
             Began as a Purple Draconian Fighter on Jan 8, 2018.
             Was a Believer of Okawaru.
             Slain by Eustachio
             ... wielding a +2 rapier of electrocution
              (20 damage)
             ... on level 5 of the Dungeon.
             The game lasted 00:08:13 (5261 turns).

MTVSty1e the Cleaver (Purple Draconian Fighter)     Turns: 5261, Time: 00:08:16

Health: -4/74      AC:  8    Str: 21    XL:     8   Next: 68%
Magic:  7/8        EV: 10    Int:  9    God:    Okawaru [**....]
Gold:   143        SH:  9    Dex: 10    Spells: 7/7 levels left

rFire    . . .     SeeInvis .   a - +0 war axe
rCold    . . .     Gourm    .   b - +0 shield
rNeg     . . .     Faith    .   (armour unavailable)
rPois    .         Spirit   .   (helmet restricted)
rElec    .         Reflect  .   t - +0 cloak
rCorr    .         Harm     .   o - +0 pair of gloves
MR       +....                  (no boots)
Stlth    +.........             (no amulet)
HPRegen  0.22/turn              (no ring)
MPRegen  0.11/turn              (no ring)

@: short of breath
A: breathe power, unfitting armour, cold-blooded, AC +6
a: Breathe Dispelling Energy, Heroism, Renounce Religion


You were on level 5 of the Dungeon.
You worshipped Okawaru.
Okawaru was pleased with you.
You were not hungry.

You visited 1 branch of the dungeon, and saw 5 of its levels.
You visited the Abyss 1 time.

You collected 143 gold pieces.

Inventory:

Hand Weapons
 a - a +0 war axe (weapon)
Armour
 b - a +0 shield (worn)
 o - a +0 pair of gloves (worn)
 t - a +0 cloak (worn)
Wands
 p - a wand of enslavement (19)
 u - a wand of disintegration (7)
Scrolls
 e - 2 scrolls of magic mapping {unknown}
 f - 7 scrolls of identify {unknown}
 i - 2 scrolls of enchant armour {unknown}
 j - 2 scrolls of blinking {unknown}
 k - a scroll of random uselessness {unknown}
 l - 4 scrolls of teleportation {unknown}
 m - a scroll of remove curse {unknown}
 s - 3 scrolls of amnesia {unknown}
 v - a scroll of immolation {unknown}
Potions
 c - a potion of brilliance {unknown}
 g - a potion of haste {unknown}
 h - 2 potions of curing
 n - a potion of lignification
 q - a potion of flight {unknown}
 r - a potion of heal wounds {unknown}
Comestibles
 d - 6 rations


   Skills:
 + Level 7.8 Fighting
 * Level 9.3 Axes
 - Level 2.6 Dodging
 - Level 3.0 Shields


You had 7 spell levels left.
You didn't know any spells.

Dungeon Overview and Level Annotations

Branches:
Dungeon (5/15)
 Temple: D:4-7

Altars:
Nemelex Xobeh
Okawaru
Vehumet
Xom

Annotations:
D:5 Eustachio


Innate Abilities, Weirdness & Mutations

You can breathe bolts of dispelling energy.
Your rich purple scales are hard. (AC +6)
You cannot fit into any form of body armour.
You are cold-blooded and may be slowed by cold attacks.


Message History

Eustachio is heavily wounded.
You barely miss Eustachio. You tail-slap Eustachio.
Eustachio is heavily wounded.
Eustachio completely misses you.
You hit Eustachio but do no damage.
Your tail-slap misses Eustachio.
Eustachio is heavily wounded.
You feel like a meek peon again. Eustachio completely misses you.
You miss Eustachio.
Eustachio is heavily wounded.
Eustachio casts a spell.
Press: ? - help, Shift-Dir - straight line, f/p - Eustachio
Aim: Eustachio, wielding a rapier of electrocution and wearing a glowing leather armour (heavily wounded)
You breathe a bolt of dispelling energy.
The bolt of dispelling energy misses Eustachio.
You feel somewhat more hungry.
Eustachio hits you with a rapier of electrocution.
* * * LOW HITPOINT WARNING * * *
You are electrocuted!
You die...

####.###.#....
####....##..#...##
............#.....
..................
............@.....
#......#..#.....
#....r..........
##....@##..##..#
#......@#..##..#
.......).'......#
.........#..##.##
..#..##.##..##..# .
#..##.##)รท##..#
.......##..##..## ..
.................###.#
..# .##.##..##.......#
#. #. #..##.......#.


You could see Eustachio and a river rat.

Vanquished Creatures
  Grinder (D:4)
  Sigmund (D:3)
  Menkaure (D:5)
  Edmund (D:4)
  A large abomination (Abyss:1)
  A phantom (D:4)
  A sky beast (D:5)
  An ogre (D:5)
  A bullfrog (D:4)
  2 scorpions (D:4)
  A bullfrog zombie (D:5)
  2 hounds
  An orc priest (D:3)
  Crazy Yiuf (D:2)
  Ijyb (D:5)
  Natasha (D:3)
  An orc wizard (D:4)
  Robin (D:4)
  12 gnolls
  4 adders
  A shadow imp (D:5)
  2 oozes (D:2)
  An adder skeleton (D:5)
  2 worms
  3 dart slugs (D:1)
  5 leopard geckos
  12 orcs
  6 giant cockroaches
  15 goblins
  18 hobgoblins
  5 quokkas
  3 ball pythons
  9 bats
  7 frilled lizards
  8 kobolds
  A leopard gecko skeleton (D:4)
  A quokka skeleton (D:4)
  5 rats
140 creatures vanquished.

Vanquished Creatures (others)
  A howler monkey (D:4)
  2 adders (D:4)
3 creatures vanquished.

Grand Total: 143 creatures vanquished

Notes
Turn   | Place    | Note
-------+----------+-------------------------------------------
     0 | D:1      | MTVSty1e the Draconian Fighter began the quest for the Orb.
     0 | D:1      | Reached XP level 1. HP: 19/19 MP: 1/1
   124 | D:1      | Reached XP level 2. HP: 23/26 MP: 2/2
   570 | D:1      | Reached skill level 3 in Axes
   709 | D:1      | Reached XP level 3. HP: 32/33 MP: 3/3
  1209 | D:2      | Reached XP level 4. HP: 39/40 MP: 4/4
  1578 | D:2      | Found a runed door.
  1672 | D:2      | Found a sparkling altar of Nemelex Xobeh.
  1701 | D:2      | Reached skill level 4 in Axes
  1958 | D:2      | Noticed Crazy Yiuf
  1963 | D:2      | Cast into level 1 of the Abyss (Crazy Yiuf)
  2147 | Abyss:1  | Noticed a large abomination
  2154 | Abyss:1  | Killed a large abomination
  2154 | Abyss:1  | Reached skill level 5 in Axes
  2154 | Abyss:1  | Reached XP level 5. HP: 43/47 MP: 5/5
  2160 | D:2      | Escaped the Abyss
  2164 | D:2      | Killed Crazy Yiuf
  2558 | D:3      | Reached skill level 5 in Fighting
  2676 | D:3      | Reached XP level 6. HP: 55/56 MP: 6/6
  2711 | D:3      | Noticed Sigmund
  2720 | D:3      | Killed Sigmund
  2720 | D:3      | Reached skill level 6 in Axes
  2999 | D:3      | Your scales start taking on a rich purple colour.
  2999 | D:3      | Reached XP level 7. HP: 26/62 MP: 7/7
  3019 | D:3      | Noticed Natasha
  3022 | D:3      | Killed Natasha
  3363 | D:3      | Found an iron altar of Okawaru.
  3482 | D:3      | Became a worshipper of Warmaster Okawaru
  3521 | D:4      | Noticed Edmund
  3537 | D:4      | Killed Edmund
  3638 | D:4      | Reached skill level 7 in Axes
  3740 | D:4      | Found a shimmering altar of Xom.
  3806 | D:4      | Found a radiant altar of Vehumet.
  3943 | D:4      | Noticed Robin
  3954 | D:4      | Killed Robin
  4015 | D:4      | Noticed Grinder
  4027 | D:4      | Paralysed by Grinder for 7 turns
  4036 | D:4      | Killed Grinder
  4036 | D:4      | Reached * piety under Okawaru
  4036 | D:4      | Reached skill level 8 in Axes
  4036 | D:4      | Reached XP level 8. HP: 27/71 MP: 8/8
  4774 | D:5      | Entered Level 5 of the Dungeon
  5009 | D:5      | Noticed Menkaure
  5016 | D:5      | Noticed Ijyb
  5018 | D:5      | Killed Menkaure
  5024 | D:5      | Killed Ijyb
  5024 | D:5      | Reached skill level 9 in Axes
  5129 | D:5      | Reached ** piety under Okawaru
  5226 | D:5      | Noticed Eustachio
  5261 | D:5      | Slain by Eustachio

Skill      XL: |  1  2  3  4  5  6  7  8 |
---------------+-------------------------+-----
Axes           | 3 5 6 8 9 |  9.3
Fighting       | 4 5 6 7 |  7.8
Dodging        | |  2.6
Shields        | |  3.0

Action                   |  1- 3 |  4- 6 |  7- 9 || total
-------------------------+-------+-------+-------++-------
Melee: War axe           |   103 |   150 |   175 ||   428
       Tailslap          |    11 |    23 |    30 ||    64
Invok: Heroism           |       |       |     1 ||     1
 Abil: Breathe Dispellin |       |       |     5 ||     5
  Use: Potion            |       |     4 |     1 ||     5
 Stab: Sleeping          |       |     2 |       ||     2
  Eat: Ration            |     1 |     1 |     3 ||     5
Armor: Skin              |    21 |    60 |    47 ||   128
Dodge: Dodged            |    53 |    83 |    60 ||   196
Block: Shield            |    49 |    99 |    76 ||   224
